AoeStats
← VIT Liereyy

Arabia

508412109Analyzed
1v1 RM · 10d ago on Sep 22, 2026· 41m 29s· 2 players
Game mode
Random Map
Map size
Tiny (2 player)
Population
200
Speed
Normal
Resources
Standard
Victory
Conquest
Starting age
Dark Age
Ending age
Imperial Age
RankedLock teamsTeams togetherTeam positionsShared explorationLock speedFull tech treeHidden civsTurbo modeCheats
Victory
Defeat
2689
+26
🇦🇹 Wu · Austria
2941
-26
Thành Cổ Quảng Trị
7:05 Loom
9:18 Feudal Age
9:21 Man-at-Arms
9:47 Double-Bit Axe
20:21 Castle Age
18:37 Horse Collar
19:51 Gold Mining
19:57 Fletching
20:24 Crossbowman
21:00 Bodkin Arrow
22:16 Ballistics
22:44 Bow Saw
24:16 Wheelbarrow
28:19 Padded Archer Armor
31:03 Town Watch
37:26 Imperial Age
38:19 Bracer
39:21 Chemistry
39:02 Arbalester
VIT Liereyy
6:37 Loom
9:22 Feudal Age
9:47 Double-Bit Axe
9:27 Man-at-Arms
19:11 Castle Age
17:12 Horse Collar
18:20 Fletching
20:12 Bow Saw
20:43 Bodkin Arrow
21:09 Town Watch
24:12 Padded Archer Armor
27:10 Ballistics
29:40 Red Cliffs Tactics
30:22 Leather Archer Armor
Connection lost

Rejoining the realm…

Still unreachable

The connection could not be restored.

Session expired

The server has moved on; the page needs a fresh start.